 Dungeon Crawl Stone Soup version 0.31-a0-154-g56bf346678 (webtiles) character file.

Game seed: 9936234774192991478

280 Demosthentine the Ducker (level 6, -1/47 HPs)
             Began as a Demonspawn Gladiator on June 11, 2023.
             Succumbed to Duvessa's poison
             ... on level 4 of the Dungeon.
             The game lasted 00:02:33 (2194 turns).

Demosthentine the Ducker (Demonspawn Gladiator)     Turns: 2194, Time: 00:02:34

Health: -1/47      AC:  7    Str: 16    XL:     6   Next: 5%
Magic:  6/6        EV: 13    Int:  9    God:
Gold:   140        SH:  0    Dex: 15    Spells: 5/5 levels left

rFire   . . .        a - +0 trident
rCold   . . .        (no shield)
rNeg    + . .        q - +2 leather armour {rN+}
rPois   .            (helmet restricted)
rElec   .            k - +0 cloak
rCorr   .            b - +0 pair of gloves
SInv    .            (no boots)
Will    .....        (no amulet)
Stlth   +            (no ring)
HPRegen 0.27/turn    (no ring)
MPRegen 0.20/turn

%: no passive effects
@: lethally poisoned (-1 -> -19), attractive
A: antennae 2, spiny 2, magic regeneration
a: no special abilities


You were on level 4 of the Dungeon.
You visited 1 branch of the dungeon, and saw 4 of its levels.

You collected 140 gold pieces.

Inventory:

Hand Weapons
 a - a +0 trident (weapon)
Missiles
 d - 3 throwing nets (quivered)
 e - a javelin
 n - 4 poisoned darts
Armour
 b - a +0 pair of gloves (worn)
 k - a +0 cloak (worn)
 q - a +2 leather armour of positive energy (worn)
Wands
 c - a wand of mindburst (8)
 h - a wand of paralysis (2)
Scrolls
 f - 2 scrolls of teleportation
Potions
 g - a potion of haste {unknown}
 i - a potion of magic {unknown}
 j - a potion of degeneration {unknown}
 l - 2 potions of attraction
 m - a potion of mutation {unknown}
 o - 2 potions of lignification {unknown}
 p - a potion of might {unknown}


   Skills:
 + Level 3.5 Fighting
 + Level 3.8 Polearms
 - Level 1.7 Throwing
 + Level 2.4 Armour
 + Level 3.8 Dodging


You had 5 spell levels left.
You didn't know any spells.
Your spell library contained the following spells:

 Spells                   Type           Power      Damage    Failure   Level
 Blink                    Tloc           0%         N/A       58%         2
 Manifold Assault         Tloc           0%         N/A       99%         4
 Storm Form               Tmut/Air       0%         N/A       100%        7


Dungeon Overview and Level Annotations

Branches:
Dungeon (4/15)             Temple (0/1) D:4

Altars:
Ashenzari
Trog

Annotations:
D:4 Dowan, Duvessa


Innate Abilities, Weirdness & Mutations

You have a pair of antennae on your head.
You are mostly covered in sharp spines.
You regenerate magic rapidly.


Message History

Found a staircase to the Ecumenical Temple.
Found a ring mail.
Dowan, Brother of Duvessa comes into view.
He is wielding a +0 dagger.
Dowan is nearby!
Dowan shouts!
Duvessa, Sister of Dowan comes into view.
She is wielding a +1 rapier of venom.
You reach to attack!
You barely miss Dowan. You closely miss Dowan.
A kobold comes into view. It is wielding a +0 short sword.
Dowan closely misses you.
You miss Dowan.
Unknown command.
Duvessa attacks as you move away!
Duvessa hits you with a +1 rapier of venom!
You are poisoned.
You feel very sick. Dowan is struck by your spines.
Dowan hits you but does no damage. Dowan attacks as you move away!
Dowan hits you but does no damage. Duvessa attacks as you move away!
Duvessa is struck by your spines.
Duvessa hits you with a +1 rapier of venom!
You are more poisoned.
You feel very sick.
The kobold shouts!
Dowan gestures at you while chanting. The puff of flame hits you!
You feel very sick. Duvessa attacks as you move away!
Duvessa hits you with a +1 rapier of venom.
* * * LOW HITPOINT WARNING * * *
x2 You feel very sick.
It was a potion of attraction.
You feel attractive to monsters.
* * * LOW HITPOINT WARNING * * *
You feel very sick.
Dowan mumbles some strange words.
Dowan blinks!
Duvessa is struck by your spines.
Duvessa hits you with a +1 rapier of venom.
* * * LOW HITPOINT WARNING * * *
You are more poisoned.
You hit Duvessa but do no damage.
Duvessa is moderately wounded.
You die...

..... ....#
#..#####.>.#
#....#.....
#...#...#
########......##
#......<..#..#.#
#.#....##.##...#
.....#.##.##.ยง.#
#.#.
#....@e.#........
# #
#.##.####.....#.#
.. #.# #.##.K...
.. [.# #.# ....#
###### #.# .###
#.# # #..


You could see Duvessa.

Vanquished Creatures
  A scorpion (D:3)
  2 hounds (D:3)
  Ijyb (D:3)
  Robin (D:2)
  A gnoll (D:3)
  An adder (D:2)
  A worm (D:3)
  2 dart slugs
  4 orcs (D:3)
  8 ball pythons
  4 endoplasms
  7 giant cockroaches
  17 goblins
  10 hobgoblins
  5 jackals (D:1)
  A quokka (D:3)
  7 bats
  A frilled lizard (D:3)
  10 kobolds
  4 rats
88 creatures vanquished.

Notes
Turn   | Place    | Note
-------+----------+-------------------------------------------
     0 | D:1      | Demosthentine the Demonspawn Gladiator began the quest for
                  | the Orb.
     0 | D:1      | Reached XP level 1. HP: 16/16 MP: 1/1
    65 | D:1      | Gained mutation: You are partially covered in sharp spines.
                  | [demonic ancestry]
    65 | D:1      | Reached XP level 2. HP: 18/22 MP: 2/2
   292 | D:1      | Reached skill level 1 in Armour
   343 | D:1      | Gained mutation: You have a pair of small antennae on your
                  | head. [demonic ancestry]
   343 | D:1      | Reached XP level 3. HP: 28/28 MP: 3/3
   719 | D:2      | Noticed Robin
   746 | D:2      | Killed Robin
   752 | D:2      | Gained mutation: You have a pair of antennae on your head.
                  | [demonic ancestry]
   752 | D:2      | Reached XP level 4. HP: 14/34 MP: 4/4
  1374 | D:3      | Found a bloodstained altar of Trog.
  1427 | D:3      | Noticed a scorpion
  1437 | D:3      | Killed a scorpion
  1438 | D:3      | Gained mutation: You are mostly covered in sharp spines.
                  | [demonic ancestry]
  1438 | D:3      | Reached XP level 5. HP: 10/41 MP: 5/5
  1616 | D:3      | Identified the +1 robe of the Stars {rN+++ Will+}
  1758 | D:3      | Noticed Ijyb
  1768 | D:3      | Killed Ijyb
  1808 | D:3      | Found a broken altar of Ashenzari.
  2019 | D:3      | Gained mutation: You regenerate magic rapidly. [demonic
                  | ancestry]
  2019 | D:3      | Reached XP level 6. HP: 27/47 MP: 6/6
  2178 | D:4      | Found a staircase to the Ecumenical Temple.
  2183 | D:4      | Noticed Dowan
  2185 | D:4      | Noticed Duvessa
  2194 | D:4      | Succumbed to Duvessa's poison

Illustrated notes

Levels and vault maps discovered:
D:1:      ncdulo_halloftheorcs, layout_basic, serial_glass, glass_columns_a,
          glass_columns_a
D:2:      layout_basic, uniq_robin
D:3:      layout_basic, mainiacjoe_overflow_cross_hatched,
          cheibrodos_ashenzari_chains, cheibrodos_gnoll_hut, uniq_ijyb
D:4:      layout_loops_cross, yredelemnul_forgotten_temple_becter,
          minmay_temple_entry_arrows, uniq_duvessa, uniq_edmund, uniq_eustachio

Skill      XL: |  1  2  3  4 |
---------------+-------------+-----
Polearms       | 3 |  3.8
Dodging        | 3 |  3.8
Armour         | 1 2 |  2.4
Fighting       | 3 |  3.5
Throwing       | |  1.7

Action                     |  1- 3 |  4- 6 || total
---------------------------+-------+-------++-------
  Melee: Trident           |    97 |    97 ||   194
         Punch             |     1 |       ||     1
    Use: Scroll            |     6 |       ||     6
         Potion            |       |     4 ||     4
   Stab: Sleeping          |     4 |       ||     4
         Invisible         |       |     2 ||     2
 Armour: Leather armour    |    18 |    17 ||    35
  Dodge: Dodged            |    54 |    38 ||    92

Table legend: (Time is in decaauts)
 A = Elapsed time spent in this place.
 B = Non-inter-level travel time spent in this place.
 C = Inter-level travel time spent in this place.
 D = Time resting spent in this place.
 E = Time spent auto-exploring this place.
 F = Levels seen in this place.
 G = Mean time per level.
                   A        B        C        D        E       F      G
               +--------+--------+--------+--------+--------+-----+--------+
         Total |   2221 |   2160 |     61 |      7 |   1627 |   4 |  555.2 |
       Dungeon |   2221 |   2160 |     61 |      7 |   1627 |   4 |  555.2 |
               +--------+--------+--------+--------+--------+-----+--------+

Top non-repeatable levels by time:
     D:3: 810 daAuts
     D:2: 761 daAuts
     D:1: 633 daAuts
     D:4: 17 daAuts
